 Dungeon Crawl Stone Soup version 0.31.0-9-g3a7656b989 (webtiles) character file.

Game seed: 16939592338534007539

65 qw the Shooter (level 3, -1/20 HPs)
             Began as a Deep Elf Hunter on Feb 2, 2024.
             Frozen to death by an endoplasm (4 damage)
             ... on level 3 of the Dungeon.
             The game lasted 00:00:04 (1339 turns).

qw the Shooter (Deep Elf Hunter)                    Turns: 1339, Time: 00:00:05

Health: -1/20      AC: 10    Str: 10    XL:     3   Next: 92%
Magic:  5/5        EV: 11    Int: 13    God:
Gold:   125        SH:  0    Dex: 18    Spells: 2/2 levels left

rFire   . . .        a - +0 shortbow
rCold   . . .        (shield currently unavailable)
rNeg    . . .        j - +0 ring mail
rPois   .            (no helmet)
rElec   .            (no cloak)
rCorr   .            f - +2 pair of gloves
SInv    .            d - +1 pair of boots
Will    .....        (no amulet)
Stlth   +            (no ring)
HPRegen 0.23/turn    (no ring)
MPRegen 0.09/turn

%: no passive effects
@: no status effects
A: no striking features
a: no special abilities


You were on level 3 of the Dungeon.
You visited 1 branch of the dungeon, and saw 3 of its levels.

You collected 125 gold pieces.


   Skills:
 - Level 1.5 Fighting
 + Level 7.4 Ranged Weapons
 - Level 2.4 Dodging
 - Level 1.2 Stealth


You had 2 spell levels left.
You didn't know any spells.
Your spell library was empty.

Inventory:

Hand Weapons
 a - a +0 shortbow (weapon)
Armour
 d - a +1 pair of boots (worn)
 f - a +2 pair of gloves (worn)
 j - a +0 ring mail (worn)
Wands
 b - a wand of iceblast (3)
Potions
 e - a potion of haste
 h - a potion of might {unknown}
 k - a potion of brilliance {unknown}

Dungeon Overview and Level Annotations

Branches:
Dungeon (3/15)

Altars:

Shops:
D:1 (


Message History

The orc wizard shouts!
The orc wizard is lightly wounded.
You hear a shout! x2
You shoot an arrow. The arrow hits the orc wizard.
The orc wizard is moderately wounded.
The orc wizard gestures at you while chanting.
You resist with some effort.
An orc comes into view. It is wielding a +0 short sword.
You shoot an arrow. The arrow hits the orc wizard.
The orc wizard is heavily wounded.
An orc comes into view.
It is wielding a +1 dagger of electrocution.
You shoot an arrow.
The arrow hits the orc wizard but does no damage.
The orc wizard is heavily wounded.
The orc wizard barely misses you.
You shoot an arrow. The arrow hits the orc wizard.
The orc wizard is severely wounded.
The orc wizard hits you but does no damage.
The endoplasm closely misses you.
You shoot an arrow. The arrow hits the orc wizard.
The orc wizard is severely wounded.
The orc wizard hits you with a +0 dagger.
The endoplasm hits you but does no damage.
You shoot an arrow. The arrow hits the orc wizard.
You kill the orc wizard!
The orc barely misses you.
The endoplasm hits you but does no damage.
The endoplasm barely misses you. The orc barely misses you. The orc misses you.
Your Ranged Weapons skill increases to level 7!
You shoot an arrow. The arrow hits the orc.
The orc is almost dead.
The orc hits you but does no damage.
You are electrocuted!
Ouch! That really hurt!
The endoplasm hits you but does no damage.
The orc hits you with a +0 short sword.
You shoot an arrow. The arrow hits the orc!
You kill the orc!
The endoplasm freezes you.
You are frozen.
You die...

....# .......#
......# ......##
...... ....
####.######.
#..)oJ......
#######...@.:.....
#.................
#.#####........$..
#.# #...........
#.# #...........
#.# #....######.
#.# #....# #.#
###### #.#


You could see an orc and an endoplasm.

Vanquished Creatures
  An orc wizard (D:3)
  An adder (D:2)
  2 dart slugs
  An orc (D:3)
  A ball python (D:2)
  An endoplasm (D:2)
  A giant cockroach (D:2)
  3 goblins (D:1)
  4 hobgoblins
  2 quokkas
  5 bats
  2 kobolds (D:2)
  6 rats
30 creatures vanquished.

Notes
Turn   | Place    | Note
-------+----------+-------------------------------------------
     0 | D:1      | qw the Deep Elf Hunter began the quest for the Orb.
     0 | D:1      | Reached XP level 1. HP: 12/12 MP: 3/3
     0 | D:1      | 0 ||| qw: Version: 0.3-a-155-g5e7d8dd
     0 | D:1      | 0 ||| qw: Game counter: 91
     0 | D:1      | 0 ||| qw: Melee chars always use a shield: true
     0 | D:1      | 0 ||| qw: God list: Okawaru
     0 | D:1      | 0 ||| qw: Allow faded altars: false
     0 | D:1      | 0 ||| qw: Do Orc after clearing Dungeon:15 true
     0 | D:1      | 0 ||| qw: Do second Lair branch before Depths: true
     0 | D:1      | 0 ||| qw: Lair rune preference: random
     0 | D:1      | 0 ||| qw: Goals: Normal
     0 | D:1      | 0 ||| PLANNING D:1-11
    59 | D:1      | Found Eraps's Weapon Emporium.
    70 | D:1      | 70 ||| SHOPLISTING +1 shortbow of freezing (161 gold, have
                  | 32).
    70 | D:1      | 70 ||| SHOPLISTING +3 sling of Rown {flame, rN+} (375 gold,
                  | have 32).
    95 | D:1      | Reached XP level 2. HP: 16/16 MP: 4/4
   105 | D:1      | Reached skill level 6 in Ranged Weapons
   377 | D:1      | 377 ||| UPGRADING to +0 pair of gloves.
   382 | D:1      | 382 ||| UPGRADING to +0 ring mail.
   392 | D:1      | 392 ||| DROPPING +0 leather armour.
   393 | D:1      | 393 ||| READING scroll labelled MAV JIFYCHAB.
   394 | D:1      | 394 ||| READING scroll labelled BUH QEAGOAMAFF.
   424 | D:1      | 424 ||| READING scroll labelled QIOHORHEOFFE.
   525 | D:1      | 525 ||| READING scroll labelled FAGOEKLIVVA.
   526 | D:1      | 526 ||| DROPPING scroll of butterflies.
   602 | D:2      | Reached XP level 3. HP: 19/20 MP: 5/5
  1075 | D:2      | 1075 ||| UPGRADING to +0 pair of boots.
  1080 | D:2      | 1080 ||| READING scroll labelled JETWUS GAIS.
  1081 | D:2      | 1081 ||| READING 3 scrolls labelled ALUIFEUQETYSO.
  1081 | D:2      | 1081 ||| ENCHANTING +0 pair of gloves.
  1082 | D:2      | 1082 ||| READING 2 scrolls of enchant armour.
  1082 | D:2      | 1082 ||| ENCHANTING +1 pair of gloves.
  1083 | D:2      | 1083 ||| READING scroll of enchant armour.
  1083 | D:2      | 1083 ||| ENCHANTING +0 pair of boots.
  1084 | D:2      | 1084 ||| READING scroll labelled ADDEPSIXERR.
  1085 | D:2      | 1085 ||| READING scroll labelled DISUFALISH.
  1085 | D:2      | 1085 ||| IDENTIFYING grey potion
  1086 | D:2      | 1086 ||| READING scroll labelled IMOZUV IFYSHOB RUMM.
  1338 | D:3      | Reached skill level 7 in Ranged Weapons
  1338 | D:3      | HP: 4/20 [orc/+1 dagger of electrocution (15)]
  1339 | D:3      | Frozen to death by an endoplasm

Levels and vault maps discovered:
D:1:      dpeg_arrival_long_road, layout_rooms, serial_shops,
          nicolae_shop_bloodbath_and_beyond, minmay_misc_feat_more_columns,
          amcnicky_mini_pool_small, minmay_tripent
D:2:      layout_loops_ring, serial_bayou_pond_e
D:3:      cheibrodos_pilgrimage, layout_basic, nicolae_wu_jian_wuxing_cycle,
          nicolae_qazlal_beasts_of_the_sky, uniq_jessica

Skill      XL: |  1  2  3 |
---------------+----------+-----
Ranged Weapons | 6 7 |  7.4
Fighting       | |  1.5
Dodging        | |  2.4
Stealth        | |  1.2

Action                     || total
---------------------------++-------
   Fire: Shortbow          ||    86
    Use: Scroll            ||    11
 Armour: Leather armour    ||     4
         Ring mail         ||    18
  Dodge: Dodged            ||    33

Table legend:
 A = Non-vault XP
 B = Vault XP
 C = Vault XP percentage of total XP
 D = Non-vault monster count
 E = Vault monster count
 F = Vault count percentage of total count
                 A         B        C        D         E       F
            +---------+---------+-------+---------+---------+-------
      Total |      92 |       4 |   4.2 |      28 |       2 |   6.7
            +---------+---------+-------+---------+---------+-------
        D:1 |      17 |       4 |  19.0 |      10 |       2 |  16.7
        D:2 |      36 |       0 |   0.0 |      15 |       0 |   0.0
        D:3 |      39 |       0 |   0.0 |       3 |       0 |   0.0
            +---------+---------+-------+---------+---------+-------
